 Dungeon Crawl Stone Soup version 0.21-a0-2-ge494091 (webtiles) character file.

57 kuniqs the Skirmisher (level 4, -4/24 HPs)
             Began as a Vine Stalker Fighter on May 22, 2017.
             Slain by an ogre
             ... wielding a +0 giant club
              (21 damage)
             ... on level 2 of the Dungeon.
             The game lasted 00:02:43 (1431 turns).

kuniqs the Skirmisher (Vine Stalker Fighter)        Turns: 1431, Time: 00:02:44

Health: -4/24      AC:  8    Str: 19    XL:     4   Next: 0%
Magic:  0/5        EV:  7    Int:  8    God:
Gold:   96         SH:  5    Dex: 14    Spells: 3/3 levels left

rFire    . . .     SeeInvis .   a - +0 rapier
rCold    . . .     Gourm    .   j - +0 buckler
rNeg     . . .     Faith    .   k - +0 chain mail
rPois    .         Spirit   +   (no helmet)
rElec    .         Reflect  .   (no cloak)
rCorr    .         Harm     .   (no gloves)
MR       .....                  (no boots)
Stlth    ..........             (no amulet)
Regen    0.5/turn               (no ring)
MPRegen  0.1/turn               (no ring)

@: no status effects
A: fangs 2, regeneration 1, magic shield, antimagic bite, no potion heal 3, rot
immunity
a: no special abilities


You were on level 2 of the Dungeon.
You were hungry.

You visited 1 branch of the dungeon, and saw 3 of its levels.

You collected 96 gold pieces.

Inventory:

Hand Weapons
 a - a +0 rapier (weapon)
Armour
 b - a +0 scale mail
 c - a +0 shield
 j - a +0 buckler (worn)
 k - a +0 chain mail (worn)
Scrolls
 h - 2 scrolls of identify {unknown}
 i - a scroll of enchant weapon {unknown}
 m - 2 scrolls of recharging {unknown}
 o - a scroll of teleportation {unknown}
 s - a scroll of magic mapping {unknown}
Potions
 f - 3 potions of might
 l - a potion of berserk rage {unknown}
 n - a potion of lignification {unknown}
 p - a potion of haste {unknown}
 q - a potion of magic {unknown}
 r - 2 potions of invisibility {unknown}
Comestibles
 d - 2 bread rations
 e - a meat ration
 g - a chunk of flesh
 t - a royal jelly


   Skills:
 + Level 3.0 Fighting
 + Level 2.1 Short Blades
 + Level 2.7 Armour
 + Level 1.4 Dodging
 + Level 3.0 Shields


You had 3 spell levels left.
You didn't know any spells.

Dungeon Overview and Level Annotations

Branches:
Dungeon (3/15)

Altars:


Innate Abilities, Weirdness & Mutations

You have extremely sharp teeth.
Your natural rate of healing is unusually fast.
When hurt, damage is shared between your health and your magic reserves.
Your bite disrupts and absorbs the magic of your enemies.
Potions cannot restore your health.
You are immune to rotting.


Message History

Ouch! That really hurt!
The crimson imp blinks!
The crimson imp blinks!
The crimson imp blinks!
You puncture the ogre! The ogre hits you with a giant club.
You puncture the ogre! You bite the ogre. You drain its power.
You feel invigorated. The ogre barely misses you.
You hit the ogre. You bite the ogre. You drain its power.
The ogre hits you with a giant club!
There is a stone staircase leading up here.
The ogre hits you with a giant club!
You climb upwards.
There is a stone staircase leading down here.
The ogre barely misses you.
There is an open door here.
There is an open door here.
There is an open door here.
The ogre hits you with a giant club!!
Ouch! That really hurt!
You die...

############# #...........#
#...........# #...........######
#.................
#########.........
#########.....##.........
#>......@.....'..........
#.#######O....##......... #.#
#.....##......... ##'#####
#.....#.....#####
########......###.....#.....#....
..............'.'.....+..........
..............###.....#..........
.............## #.....#..........
...........### #.....#.....#....


You could see an ogre.

Vanquished Creatures
  2 worms (D:3)
  2 dart slugs (D:1)
  3 leopard geckos
  5 bats
  A giant cockroach (D:1)
  5 goblins
  6 hobgoblins
  2 jackals (D:2)
  A quokka (D:2)
  4 frilled lizards
  3 kobolds
  7 rats
41 creatures vanquished.

Notes
Turn   | Place    | Note
-------+----------+-------------------------------------------
     0 | D:1      | kuniqs the Vine Stalker Fighter began the quest for the Orb.
     0 | D:1      | Reached XP level 1. HP: 11/11 MP: 2/2
   142 | D:1      | Reached XP level 2. HP: 12/16 MP: 1/3
   460 | D:1      | Reached XP level 3. HP: 20/20 MP: 4/4
   555 | D:1      | Reached skill level 1 in Dodging
  1295 | D:3      | Gained mutation: Your natural rate of healing is unusually fast. [Vine Stalker growth]
  1295 | D:3      | Reached XP level 4. HP: 22/24 MP: 5/5
  1320 | D:3      | Noticed an ogre
  1431 | D:2      | Slain by an ogre

Vault maps used:
D:1:      zelgadis_glass_arrival_small
D:3:      first_bread, chequers_ecumenical_altar_grove,
          kennysheep_generic_room_11

Skill      XL: |  1  2  3 |
---------------+----------+-----
Short Blades   | 2 |  2.1
Shields        | 3 |  3.0
Fighting       | 3 |  3.0
Dodging        | 1 |  1.4
Armour         | |  2.7

Action                   |  1- 3 |  4- 6 || total
-------------------------+-------+-------++-------
Melee: Rapier            |   126 |     7 ||   133
       Bite              |    27 |     2 ||    29
  Eat: Chunk             |     1 |       ||     1
Armor: Scale mail        |     5 |       ||     5
       Chain mail        |    44 |       ||    44
Dodge: Dodged            |    42 |     2 ||    44
Block: Shield            |     5 |       ||     5
       Buckler           |    19 |     1 ||    20
